 Dungeon Crawl Stone Soup version 0.30-a0-728-gc68057be0a (webtiles) character file.

Game seed: 16544584300251432815

239 cforsyth the Shooter (level 6, -1/49 HPs)
             Began as a Barachi Hunter on Feb 1, 2023.
             Slain by an ice beast (2 damage)
             ... on level 5 of the Dungeon.
             The game lasted 00:04:49 (2949 turns).

cforsyth the Shooter (Barachi Hunter)               Turns: 2949, Time: 00:04:49

Health: -1/49      AC:  3    Str: 18    XL:     6   Next: 7%
Magic:  6/6        EV: 12    Int: 12    God:
Gold:   199        SH:  0    Dex: 17    Spells: 5/5 levels left

rFire   . . .      SeeInvis +    b - +6 quarterstaff "Zubleerro" {flame, Fly rPois Int+2 SInv}
rCold   . . .      Faith    .    (shield currently unavailable)
rNeg    . . .      Spirit   .    c - +0 leather armour
rPois   +          Reflect  .    (no helmet)
rElec   .          Harm     .    (no cloak)
rCorr   .          Rampage  .    (no gloves)
Will    .....                    (no boots)
Stlth   ++                       (no amulet)
HPRegen 0.28/turn                k - +6 ring of strength
MPRegen 0.10/turn                (no ring)

@: brilliant, flying, slow
A: amphibious, slowness 1, strong legs 1, +LOS
a: Hop


You were on level 5 of the Dungeon.
You visited 1 branch of the dungeon, and saw 5 of its levels.

You collected 199 gold pieces.

Inventory:

Hand Weapons
 a - a +0 shortbow
 b - the +6 quarterstaff "Zubleerro" (weapon) {flame, Fly rPois Int+2 SInv}
   (You found it on level 2 of the Dungeon)

   Int:       It affects your intelligence (+2).
   rPois:     It protects you from poison.
   SInv:      It lets you see invisible.
   Fly:       It grants you flight.
Missiles
 h - a throwing net
Armour
 c - a +0 leather armour (worn)
Jewellery
 k - a +6 ring of strength (left hand)
 u - a ring of poison resistance
Scrolls
 d - a scroll of noise {unknown}
 e - a scroll of amnesia {unknown}
 i - 2 scrolls of identify
 j - a scroll of vulnerability
 l - a scroll of fog {unknown}
 m - 2 scrolls of teleportation
 o - a scroll of blinking {unknown}
 q - a scroll of enchant armour {unknown}
 r - 2 scrolls of immolation
 t - a scroll of magic mapping {unknown}
 v - a scroll of silence {unknown}
Potions
 f - a potion of mutation
 g - a potion of haste {unknown}
 p - a potion of degeneration {unknown}
 s - a potion of flight {unknown}


   Skills:
 + Level 4.6 Fighting
 * Level 6.3 Ranged Weapons
 - Level 2.1 Dodging
 - Level 0.8 Stealth


You had 5 spell levels left.
You didn't know any spells.
Your spell library contained the following spells:

 Spells                   Type           Power      Damage    Failure   Level
 Cigotuvi's Dreadful Rot  Necr/Pois/Air  0%         N/A       52%         2
 Poisonous Vapours        Pois/Air       0%         N/A       52%         2
 Mephitic Cloud           Conj/Pois/Air  0%         N/A       75%         3
 Dispel Undead            Necr           0%         3d6       98%         4
 Death Channel            Necr           0%         N/A       100%        6


Dungeon Overview and Level Annotations

Branches:
Dungeon (5/15)
 Temple: D:4-7

Altars:


Innate Abilities, Weirdness & Mutations

You are amphibious.
You cover ground slowly.
You can hop short distances.
You have an extended range of vision and can be seen from far away.


Message History

As you read the scroll labelled DEUZEO ULEA, it crumbles to dust.
You feel strangely unstable.
It was a scroll of teleportation.
Your surroundings suddenly seem different.
Found a scroll of teleportation.
Found a stone staircase leading down.
Found a pair of gloves.
Found a staff of fire.
Found a robe.
Found a stone staircase leading up.
An ice beast comes into view.
You feel your willpower return.
You shoot an arrow. The arrow hits the ice beast.
The ice beast is lightly wounded.
You shoot an arrow. The arrow closely misses the ice beast.
Unknown command.
You feel clever.
You fly up into the air.
The +6 quarterstaff "Zubleerro" {flame, Fly rPois Int+2 SInv} bursts into flame!
b - the +6 quarterstaff "Zubleerro" (weapon)
{flame, Fly rPois Int+2 SInv} You closely miss the ice beast.
The ice beast is lightly wounded.
The ice beast barely misses you.
You hit the ice beast.
You melt the ice beast.
The ice beast is lightly wounded.
The ice beast hits you but does no damage.
The ice beast hits you. The ice beast freezes you!
You hit the ice beast.
You melt the ice beast.
The ice beast is heavily wounded.
The ice beast barely misses you.
You closely miss the ice beast.
The ice beast is heavily wounded.
The ice beast hits you. The ice beast freezes you!
You closely miss the ice beast.
The ice beast is heavily wounded.
The ice beast hits you. The ice beast freezes you!
* * * LOW HITPOINT WARNING * * *
The ice beast hits you but does no damage.
It was a potion of brilliance.
You feel clever all of a sudden. The ice beast hits you.
You die...

#.## #...###...## ...#
#.# #..## ...###...#
...|####.##
#.........# ###......#
#........... ###...##
#..........#
###.####...# .....#
#......# ##....#
##.....####....#
##.....####.@#
#.......#..Y##
..............####..
......................
#.####.[....###.......
#. ###....# ###..## #
#....# ## #.....
.......


You could see an ice beast.

Vanquished Creatures
  2 hounds (D:4)
  Jessica (D:3)
  Terence (D:3)
  3 adders
  2 worms
  3 dart slugs
  5 orcs (D:3)
  7 endoplasms
  6 giant cockroaches
  8 hobgoblins
  14 jackals
  2 quokkas (D:3)
  7 ball pythons
  7 bats
  A frilled lizard (D:1)
  9 goblins
  A kobold (D:2)
  A rat (D:3)
80 creatures vanquished.

Notes
Turn   | Place    | Note
-------+----------+-------------------------------------------
     0 | D:1      | cforsyth the Barachi Hunter began the quest for the Orb.
     0 | D:1      | Reached XP level 1. HP: 17/17 MP: 1/1
    46 | D:1      | Found a faded altar of an unknown god.
    87 | D:1      | Reached XP level 2. HP: 23/23 MP: 2/2
   502 | D:1      | Reached XP level 3. HP: 29/29 MP: 3/3
  1340 | D:2      | Reached skill level 5 in Ranged Weapons
  1344 | D:2      | Identified the +6 quarterstaff "Zubleerro" {flame, Fly
                  | rPois Int+2 SInv}
  1585 | D:3      | Reached XP level 4. HP: 10/35 MP: 4/4
  1862 | D:3      | Noticed Jessica
  1867 | D:3      | Killed Jessica
  1868 | D:3      | Reached XP level 5. HP: 42/42 MP: 5/5
  1993 | D:3      | Noticed Terence
  2007 | D:3      | Killed Terence
  2298 | D:4      | Reached skill level 6 in Ranged Weapons
  2443 | D:4      | Reached XP level 6. HP: 27/49 MP: 6/6
  2908 | D:5      | Entered Level 5 of the Dungeon
  2935 | D:5      | Noticed an ice beast
  2948 | D:5      | HP: 1/49 [ice beast (14)]
  2949 | D:5      | Slain by an ice beast

Illustrated notes

Levels and vault maps discovered:
D:1:      dpeg_arrival_tiny_c, layout_basic,
          dreamdust_ecumenical_altar_hidden_monk_grotto, nrook_campfire,
          nicolae_figureground_sparkle
D:2:      layout_rooms
D:3:      layout_loops_ring, minmay_cut_off, uniq_terence, uniq_jessica
D:4:      layout_basic
D:5:      layout_layer_cave, gup_sewer_entry_bubbles

Skill      XL: |  1  2  3  4  5 |
---------------+----------------+-----
Fighting       | 3 4 |  4.6
Ranged Weapons | 5 6 |  6.3
Dodging        | |  2.1
Stealth        | |  0.8

Action                     |  1- 3 |  4- 6 || total
---------------------------+-------+-------++-------
  Melee: Quarterstaff      |     1 |    17 ||    18
   Fire: Shortbow          |   118 |   120 ||   238
    Use: Scroll            |       |     3 ||     3
         Potion            |       |     1 ||     1
 Armour: Leather armour    |    18 |    11 ||    29
  Dodge: Dodged            |    32 |    48 ||    80

Table legend: (Time is in decaauts)
 A = Elapsed time spent in this place.
 B = Non-inter-level travel time spent in this place.
 C = Inter-level travel time spent in this place.
 D = Time resting spent in this place.
 E = Time spent auto-exploring this place.
 F = Levels seen in this place.
 G = Mean time per level.
                   A        B        C        D        E       F      G
               +--------+--------+--------+--------+--------+-----+--------+
         Total |   3463 |   3354 |    109 |      2 |   2829 |   5 |  692.6 |
       Dungeon |   3463 |   3354 |    109 |      2 |   2829 |   5 |  692.6 |
               +--------+--------+--------+--------+--------+-----+--------+

Top non-repeatable levels by time:
     D:1: 1391 daAuts
     D:3: 853 daAuts
     D:4: 713 daAuts
     D:2: 457 daAuts
     D:5: 47 daAuts
